cohdb
Replays
Latest Replays
All Replays
Popular Replays
Top Player Replays
Match Explorer
How It Works
Community
CoH3 Stats
Reddit
Sign in to upload your games and track your stats! →
Sign in with Steam
Match 25351857
Unlisted
Match 25351857
Overview
Messages
Build Orders
End
250 Light Carrier
Panzerpioneer Squad
Kradschützen Motorcycle Team
250 Light Carrier
Construct Light Support Kompanie
Combat Half-tracks
MG34 Team
Panzerjäger Squad
Construct Mechanized Kompanie
Panzerjäger Mechanized Group
8 Rad Armored Car
2.5-tonne Medical Truck
Vehicle Survival Package
Selects Italian Combined Arms Battlegroup
Selects Semovente da 75/18 Assault Gun
Construct Panzerarmee Kommand
Armored Reserves
Selects Carro Armato M13/40 Light Tank
Panzerjäger Mechanized Group
Veteran Squad Leaders
Selects Artillery Cover
Emergency Repair Kits
Advanced Field Repairs
Artillery Cover
Selects Bersaglieri Squad
Selects Vehicle Support - Secure Location
Selects Vehicle Support - Force Recon
Tiger Heavy Tank
Artillery Cover
Monkey
InvaderSkloodge
「𝓞𝓓𝓢𝓣」剑钟仙
starlight
YangXYZ
CaseAG
Blaston
No communist
0
0
Comments
sign in to comment!
No comments posted yet!